 Dungeon Crawl Stone Soup version 0.32-a0-520-g344ed53f66 (webtiles) character file.

Game seed: 7421931217513073396

25622 Malificent the Protected (level 12, 0/97 HPs)
             Began as an Armataur Monk on Feb 27, 2024.
             Was a Priest of the Shining One.
             Slain by Tetyinue's ghost (4 damage)
             ... on level 1 of the Lair of Beasts.
             The game lasted 00:44:57 (10893 turns).

Malificent the Protected (Armataur Monk)           Turns: 10893, Time: 00:44:58

Health: 0/97       AC: 22    Str: 19 (20) XL:     12   Next: 91%
Magic:  20/20      EV: 10    Int: 10 (12) God:    the Shining One [***...]
Gold:   415        SH:  0    Dex: 10 (13) Spells: 20/22 levels left

rFire   + . .        o - +8 dire flail (heavy)
rCold   . . .        (shield currently unavailable)
rNeg    + . .        I - +0 acid dragon scales
rPois   .            g - +2 helmet
rElec   .            s - +2 cloak
rCorr   +            C - +1 pair of gloves
SInv    .            (no barding)
Will    +....        (no amulet) Stlth
                     l - ring of protection from fire
HPRegen 0.36/turn    m - +4 ring of protection
MPRegen 0.17/turn

%: roll
@: confused, mighty, brilliant, attractive, enlightened, flying, hasted,
glowing, very quick
A: large, deformed body, tough skin 3, armoured tail, roll 2
a: Renounce Religion, Divine Shield, Cleansing Flame


You were on level 1 of the Lair of Beasts.
You worshipped the Shining One.
The Shining One was most pleased with you.
You visited 3 branches of the dungeon, and saw 11 of its levels.

You collected 629 gold pieces.
You spent 214 gold pieces at shops.

Inventory:

Hand Weapons
 a - a +1 mace of protection
 o - a +8 heavy dire flail (weapon)
Missiles
 n - 2 throwing nets
 z - 4 curare-tipped darts (quivered)
Armour
 b - a +0 robe
 d - an orb of light
 f - a +0 plate armour
 g - a +2 helmet (worn)
 j - +0 fire dragon scales
 s - a +2 cloak (worn)
 v - a +0 kite shield
 C - a +1 pair of gloves (worn)
 I - +0 acid dragon scales (worn)
Jewellery
 e - a ring of magical power
 l - a ring of protection from fire (left hand)
 m - a +4 ring of protection (right hand)
 p - a +6 ring of intelligence
Wands
 q - a wand of polymorph (11)
 y - a wand of iceblast (13)
 B - a wand of digging (5)
 H - a wand of flame (11)
 J - a wand of mindburst (3)
Scrolls
 c - a scroll of amnesia
 k - 2 scrolls of revelation
 w - a scroll of vulnerability
 x - a scroll of fear
 A - 2 scrolls of blinking
 F - a scroll of teleportation
Potions
 h - a potion of might
 t - a potion of brilliance
 u - a potion of enlightenment
 D - a potion of haste


   Skills:
 + Level 6.9 Fighting
 + Level 9.7 Maces & Flails
 + Level 1.3(6.2) Staves
 * Level 6.1 Throwing
 * Level 10.1 Armour
 + Level 3.3 Dodging
 + Level 0.4 Stealth
 + Level 0.4 Unarmed Combat
 * Level 5.5 Spellcasting
 * Level 6.0 Translocations
 * Level 6.7 Invocations
 * Level 5.2 Evocations


You had 20 spell levels left.
You knew the following spells:

 Your Spells              Type           Power      Damage    Failure   Level
a - Blink                 Tloc           44%        N/A       3%          2

Your spell library contained the following spells:

 Spells                   Type           Power      Damage    Failure   Level
 Lesser Beckoning         Tloc           44%        N/A       3%          2
 Momentum Strike          Conj/Tloc      26%        3d8       12%         2
 Volatile Blastmotes      Fire/Tloc      26%        2d12      24%         3
 Foxfire                  Conj/Fire      16%        2x1d4     26%         1
 Shock                    Conj/Air       16%        1d4       26%         1
 Call Imp                 Summ           8%         N/A       38%         2
 Sublimation of Blood     Necr           4%         N/A       38%         2
 Dazzling Flash           Conj/Hex       8%         N/A       63%         3
 Stone Arrow              Conj/Erth      8%         3d7       63%         3
 Swiftness                Air            4%         N/A       63%         3
 Summon Forest            Summ/Tloc      6%         N/A       91%         5
 Airstrike                Air            2%         2d(1-17)  95%         4
 Animate Armour           Summ/Erth      8%         N/A       95%         4
 Summon Lightning Spire   Summ/Air       4%         N/A       95%         4
 Lee's Rapid Deconstruct  Erth           2%         3d4*      100%        5
 Summon Mana Viper        Hex/Summ       4%         N/A       100%        5
 Conjure Ball Lightning   Conj/Air       2%         3x3d6     100%        6
 Plasma Beam              Fire/Air       2%         2x1d12    100%        6
 Starburst                Conj/Fire      2%         6d3       100%        6
 Summon Cactus Giant      Summ           2%         N/A       100%        6
 Summon Hydra             Summ           2%         N/A       100%        7
 Discord                  Hex            2%         N/A       100%        8
 Disjunction              Tloc           11%        N/A       100%        8
 Lehudib's Crystal Spear  Conj/Erth      2%         10d2      100%        8
 Maxwell's Capacitive Co  Air            2%         ∞         100%        8


Dungeon Overview and Level Annotations

Branches:
Dungeon (9/15)             Temple (1/1) D:4            Lair (1/5) D:8
    Orc (0/2) D:9

Altars:
Ashenzari
Cheibriados
Dithmenos
Elyvilon
Fedhas
Gozag
Hepliaklqana
Kikubaaqudgha
Makhleb
Nemelex Xobeh
Okawaru
Qazlal
Ru
Sif Muna
Trog
Uskayaw
Vehumet
Wu Jian
Xom
Yredelemnul
Zin
The Shining One

Shops:
D:1 =   D:3 =   D:6 *   D:9 [

Portals:
Abyss: D:5

Annotations:
D:5 2 transporters, Consumeair16's ghost, novice GnFi
Lair:1 Tetyinue's ghost, journeyman CoCK; Ukasumac's ghost, journeyman DgSh


Innate Abilities, Weirdness & Mutations

Armour fits poorly on your strangely shaped body.
You have extremely tough skin. (AC +3)
You have a long armoured tail.
You regenerate magic and health when rolling toward enemies. (Rampage Regen)


Message History

Tetyinue's ghost points at you and mumbles some strange words.
You easily resist.
Ukasumac's ghost hits you but does no damage.
Tetyinue's ghost twaddles, "I had a jolly good time in life, and I have a jolly good time now!"
You're too confused to move!
Tetyinue's ghost casts a spell at you.
You easily resist.
You hit Tetyinue's ghost.
Tetyinue's ghost is almost destroyed.
You miss Tetyinue's ghost.
Tetyinue's ghost is almost destroyed.
Tetyinue's ghost hits you but does no damage.
Tetyinue's ghost points at you and mumbles some strange words.
You easily resist.
You miss Tetyinue's ghost.
Tetyinue's ghost is severely damaged.
Tetyinue's ghost hits you.
* * * LOW HITPOINT WARNING * * *
Tetyinue's ghost gestures at you while chanting.
You are more confused.
You bump into the rock wall.
Tetyinue's ghost hits you but does no damage.
Ukasumac's ghost is attracted toward you.
Unknown command.
You closely miss Ukasumac's ghost.
Your tail-slap misses Ukasumac's ghost.
It was a potion of degeneration.
There was something very wrong with that liquid.
You feel weakened.
You feel dopey.
You feel clumsy.
Ukasumac's ghost hits you but does no damage.
Tetyinue's ghost closely misses you. Tetyinue's ghost hits you!
* * * LOW HITPOINT WARNING * * *
You bump into the rock wall.
Ukasumac's ghost misses you.
Tetyinue's ghost hits you but does no damage. x2
You're too confused to move!
You impale Ukasumac's ghost!!
Your tail-slap misses Ukasumac's ghost.
Ukasumac's ghost is moderately damaged.
Ukasumac's ghost hits you but does no damage.
Tetyinue's ghost laughs, "And you think you're capable of finding the ORB?
I had it, you know.
Then I gave it away so I could steal it AGAIN."
Tetyinue's ghost hits you.
You die...

##....# #....
#.....## #....
##.....# #....
#....P# ##...
#...<####=.⌠.!##..
##.....##ß.....ß##.
#.....##[........#.
##....##[.......|#.
#@W..##ß.......ß#.
#WW..##........)#.
#§....####'''####.
#.................
#.................
#................†
##♣#
###....#########....
##~~♣####.#....#
#....
#~~~P......÷...#
#....


You could see 2 ghosts called Tetyinue and Ukasumac's ghost.

Vanquished Creatures
  The ghost of Axtaw the Martial Artist, a journeyman DsSh of Ru (Lair:1)
  A two-headed ogre (D:8)
  6 death yaks (Lair:1)
  Joseph (D:8)
  Maurice (D:9)
  2 cane toads (Lair:1)
  A komodo dragon (Lair:1)
  A kobold demonologist (D:9)
  Psyche (D:8)
  A polar bear (Lair:1)
  A wyvern (D:9)
  17 yaks
  2 basilisks (Lair:1)
  Menkaure (D:7)
  2 steam dragons
  An acid dragon (D:9)
  6 water moccasins (Lair:1)
  4 black bears
  3 orc warriors
  3 ice beasts (D:6)
  2 centaurs
  2 kobold brigands (D:7)
  4 bullfrogs
  3 scorpions
  9 wights
  9 killer bees
  A howler monkey (D:6)
  2 hounds
  5 bombardier beetles
  3 sleepcaps
  8 orc priests
  2 jellies
  A gnoll bouda (D:7)
  3 iguanas
  Crazy Yiuf (D:3)
  Natasha (thrice) (D:3)
  5 orc wizards
  11 gnolls
  12 adders
  2 ufetubi (D:6)
  5 ribbon worms
  2 dart slugs
  32 orcs
  10 endoplasms
  3 giant cockroaches
  33 goblins
  26 hobgoblins
  17 kobolds
  4 quokkas
  6 ball pythons
  2 bats
  A frilled lizard (D:1)
  3 rats
288 creatures vanquished.

Vanquished Creatures (others)
  A hobgoblin zombie (D:3)
1 creature vanquished.

Grand Total: 289 creatures vanquished

Notes
Turn   | Place    | Note
-------+----------+-------------------------------------------
     0 | D:1      | Malificent the Armataur Monk began the quest for the Orb.
     0 | D:1      | Reached XP level 1. HP: 18/18 MP: 1/1
    97 | D:1      | Reached XP level 2. HP: 25/25 MP: 2/2
   231 | D:1      | Found Otwamaij's Jewellery Emporium.
   372 | D:1      | Reached skill level 1 in Armour
   578 | D:2      | Reached XP level 3. HP: 31/31 MP: 3/3
   841 | D:2      | Reached XP level 4. HP: 34/38 MP: 5/5
  1041 | D:2      | Reached skill level 2 in Armour
  1521 | D:3      | Found a bloodstained altar of Trog.
  1521 | D:3      | Found an ancient bone altar of Kikubaaqudgha.
  1525 | D:3      | Found an opulent altar of Gozag.
  1526 | D:3      | Found a snail-covered altar of Cheibriados.
  1528 | D:3      | Found a hazy altar of Hepliaklqana.
  1529 | D:3      | Found a blossoming altar of Fedhas.
  1531 | D:3      | Found a basalt altar of Yredelemnul.
  1534 | D:3      | Found a white marble altar of Elyvilon.
  1542 | D:3      | Reached skill level 1 in Spellcasting
  1883 | D:3      | Found Duvuf's Jewellery Shop.
  1951 | D:3      | Reached XP level 5. HP: 39/45 MP: 6/6
  1957 | D:3      | Reached skill level 3 in Armour
  1978 | D:3      | Noticed Natasha
  1983 | D:3      | Killed Natasha
  1989 | D:3      | Learned a level 2 spell: Blink
  2108 | D:3      | Noticed Natasha
  2113 | D:3      | Killed Natasha
  2153 | D:3      | Found a runed translucent door.
  2154 | D:3      | Noticed Crazy Yiuf
  2162 | D:3      | Killed Crazy Yiuf
  2355 | D:3      | Noticed Natasha
  2360 | D:3      | Killed Natasha
  2361 | D:3      | Reached skill level 4 in Armour
  2464 | D:3      | Reached XP level 6. HP: 50/51 MP: 7/7
  2657 | D:3      | Reached skill level 1 in Translocations
  2662 | D:3      | Reached skill level 1 in Staves
  3478 | D:3      | Became a worshipper of Elyvilon the Healer
  3478 | D:3      | Reached * piety under Elyvilon
  3478 | D:3      | Reached ** piety under Elyvilon
  3508 | D:4      | Found a staircase to the Ecumenical Temple.
  3549 | Temple   | Entered the Ecumenical Temple
  3569 | Temple   | Fell from the grace of Elyvilon
  3569 | Temple   | Became a worshipper of the Shining One
  3666 | D:4      | Gained mutation: You regenerate magic and health when
                  | rolling toward enemies. (Rampage Regen) [Armataur growth]
  3666 | D:4      | Reached XP level 7. HP: 52/57 MP: 10/10
  3875 | D:4      | Reached skill level 1 in Throwing
  4212 | D:4      | Reached * piety under the Shining One
  4237 | D:4      | Reached skill level 5 in Armour
  4813 | D:5      | Entered Level 5 of the Dungeon
  4933 | D:5      | Found a transporter.
  4944 | D:5      | Found a one-way gate to the infinite horrors of the Abyss.
  4944 | D:5      | Noticed Consumeair16's ghost (novice GnFi)
  5039 | D:5      | Reached skill level 6 in Armour
  5258 | D:5      | Reached XP level 8. HP: 62/64 MP: 12/12
  5504 | D:5      | Found a transporter.
  5836 | D:5      | Reached skill level 1 in Invocations
  6472 | D:6      | Found Plog's General Store.
  6504 | D:6      | Reached skill level 7 in Armour
  6510 | D:6      | Reached skill level 5 in Maces & Flails
  6634 | D:6      | Bought a +2 helmet for 214 gold pieces
  6706 | D:6      | Reached XP level 9. HP: 72/72 MP: 13/13
  6785 | D:6      | Reached ** piety under the Shining One
  7337 | D:7      | Noticed Menkaure
  7348 | D:7      | Killed Menkaure
  7349 | D:7      | Reached skill level 8 in Armour
  7748 | D:8      | Noticed a two-headed ogre
  7964 | D:8      | Killed a two-headed ogre
  7967 | D:8      | Reached XP level 10. HP: 42/80 MP: 15/15
  8159 | D:8      | Found a staircase to the Lair.
  8255 | D:8      | Noticed Joseph
  8261 | D:8      | Reached skill level 5 in Fighting
  8284 | D:8      | Killed Joseph
  8286 | D:8      | Found a glowing silver altar of Zin.
  8582 | D:8      | Noticed Psyche
  8588 | D:8      | Killed Psyche
  8589 | D:8      | Reached skill level 9 in Armour
  8945 | D:9      | Found Hulynydo's Armour Shop.
  9129 | D:9      | Noticed a rust devil
  9133 | D:9      | Reached skill level 5 in Throwing
  9178 | D:9      | Reached *** piety under the Shining One
  9321 | D:9      | Found a staircase to the Orcish Mines.
  9523 | D:9      | Noticed Maurice
  9526 | D:9      | Killed Maurice
  9527 | D:9      | Reached skill level 1 in Evocations
  9609 | Lair:1   | Entered Level 1 of the Lair of Beasts
  9617 | Lair:1   | Found a runed translucent gate.
  9617 | Lair:1   | Found a runed translucent gate.
  9618 | Lair:1   | Found a runed translucent gate.
  9619 | Lair:1   | Noticed Axtaw's ghost (journeyman DsSh)
  9619 | Lair:1   | Noticed Tetyinue's ghost (journeyman CoCK)
  9619 | Lair:1   | Noticed Tetyinue's ghost (journeyman CoCK)
  9619 | Lair:1   | Noticed Ukasumac's ghost (journeyman DgSh)
  9689 | Lair:1   | Reached skill level 5 in Translocations
  9689 | Lair:1   | Noticed a death yak
  9689 | Lair:1   | Noticed a death yak
  9689 | Lair:1   | Noticed a death yak
  9690 | Lair:1   | Noticed a death yak
  9691 | Lair:1   | Noticed a death yak
  9691 | Lair:1   | Noticed a death yak
  9701 | Lair:1   | Killed a death yak
  9704 | Lair:1   | Killed a death yak
  9705 | Lair:1   | Reached XP level 11. HP: 84/88 MP: 18/18
  9708 | Lair:1   | Killed a death yak
  9713 | Lair:1   | Killed a death yak
  9716 | Lair:1   | Killed a death yak
  9722 | Lair:1   | Killed a death yak
  9723 | Lair:1   | Reached skill level 5 in Spellcasting
 10343 | Lair:1   | Reached skill level 5 in Invocations
 10349 | Lair:1   | Reached skill level 10 in Armour
 10841 | Lair:1   | Killed Axtaw's ghost
 10870 | Lair:1   | Reached skill level 5 in Evocations
 10870 | Lair:1   | Reached XP level 12. HP: 51/97 MP: 20/20
 10890 | Lair:1   | HP: 3/97 [Tetyinue's ghost (7)]
 10893 | Lair:1   | Slain by Tetyinue's ghost

Illustrated notes

Levels and vault maps discovered:
D:1:      saegor_arrival_under_anarchy, layout_basic, serial_shops,
          shop_fountains
D:2:      layout_basic, serial_forest, infiniplex_forest_lined_room_3,
          infiniplex_forest_lined_2, infiniplex_forest_clump_small,
          infiniplex_forest_clump_cross, infiniplex_forest_clump_diagonal,
          infiniplex_forest_lined_3, infiniplex_forest_clump_C,
          infiniplex_forest_lined_3_way, infiniplex_forest_end_3,
          infiniplex_forest_zigzag_1, kennysheep_generic_room_8
D:3:      minmay_goblin_kobold_castle, layout_loops_corners,
          nicolae_overflow_hallway_of_the_gods, serial_shops, shop,
          kennysheep_generic_room_10, uniq_natasha, uniq_crazy_yiuf_cottage
D:4:      layout_basic, minmay_temple_entry_statues_fountains
D:5:      layout_loops_corners, gammafunk_ghost_abyssal_escape,
          water_maze_lemuel
D:6:      layout_rooms, kennysheep_windowed_goal
D:7:      layout_loops_ring, uniq_menkaure
D:8:      layout_loops_ring, mainiacjoe_overflow_small_starburst,
          lair_entry_dummy, corexii_leaking_fountain, minmay_misc_feat_square,
          uniq_psyche, uniq_joseph
D:9:      layout_basic, orc_0_dummy, serial_shops, shop, nicolae_eternal_life,
          uniq_maurice
Temple:   hellmonk_temple_forest_ring
Lair:1:   layout_long_grid, gammafunk_ghost_cemetery, serial_bayou_shore_b,
          lemuel_fruit_fields

Skill      XL: |  1  2  3  4  5  6  7  8  9 10 11 |
---------------+----------------------------------+-----
Armour         | 1 2 4 6 7 8 9 10 | 10.1
Maces & Flails | 3 4 5 6 7 9 |  9.7
Fighting       | 3 4 5 6 |  6.9
Spellcasting   | 1 2 3 4 5 |  5.5
Translocations | 1 3 4 5 6 |  6.0
Staves         | 1 |  1.3
Throwing       | 2 3 4 5 6 |  6.1
Invocations    | 2 3 4 6 |  6.7
Dodging        | 3 |  3.3
Evocations     | 1 5 |  5.2
Stealth        | |  0.4
Unarmed Combat | |  0.4

Action                     |  1- 3 |  4- 6 |  7- 9 | 10-12 || total
---------------------------+-------+-------+-------+-------++-------
  Melee: Mace              |    66 |    90 |   177 |       ||   333
         Tailslap          |     4 |    33 |    63 |    36 ||   136
         Quarterstaff      |       |   126 |       |       ||   126
         Dire flail        |       |       |   155 |   204 ||   359
         Unarmed           |       |       |       |     7 ||     7
  Evoke: Wand              |       |       |     4 |     2 ||     6
    Use: Scroll            |     3 |     1 |    17 |     7 ||    28
         Potion            |     1 |     3 |     3 |    10 ||    17
   Stab: Distracted        |       |     1 |       |       ||     1
 Armour: Plate armour      |    82 |   301 |   474 |   104 ||   961
         Acid dragon scale |       |       |       |   153 ||   153
         Skin              |       |       |       |     6 ||     6
  Dodge: Dodged            |    18 |    53 |    92 |    85 ||   248
         Repelled          |       |     1 |       |       ||     1

Table legend: (Time is in decaauts)
 A = Elapsed time spent in this place.
 B = Non-inter-level travel time spent in this place.
 C = Inter-level travel time spent in this place.
 D = Time resting spent in this place.
 E = Time spent auto-exploring this place.
 F = Levels seen in this place.
 G = Mean time per level.
                   A        B        C        D        E       F      G
               +--------+--------+--------+--------+--------+-----+--------+
         Total |  11016 |  10745 |    271 |   2162 |   5921 |  11 | 1001.5 |
       Dungeon |   9645 |   9404 |    241 |   1783 |   5388 |   9 | 1071.7 |
        Temple |     69 |     39 |     30 |      0 |     34 |   1 |   69.0 |
          Lair |   1301 |   1301 |      0 |    379 |    499 |   1 | 1301.0 |
               +--------+--------+--------+--------+--------+-----+--------+

Top non-repeatable levels by time:
     D:3: 2042 daAuts
     D:5: 1389 daAuts
  Lair:1: 1301 daAuts
     D:4: 1254 daAuts
     D:7: 1079 daAuts
     D:2: 1052 daAuts
     D:8: 1034 daAuts
     D:9: 673 daAuts
     D:6: 651 daAuts
     D:1: 467 daAuts
  Temple: 69 daAuts
